 Dungeon Crawl Stone Soup version 0.30-a0-626-gd6a5dd7a1f (webtiles) character file.

Game seed: 11248549930782799746

77 Bnni the Vexing (level 4, -3/32 (33) HPs)
             Began as a Formicid Hexslinger on Jan 11, 2023.
             Slain by a goblin
             ... wielding a +0 dagger of freezing
             ... led by Robin
              (4 damage)
             ... on level 2 of the Dungeon.
             The game lasted 00:02:41 (1025 turns).

Bnni the Vexing (Formicid Hexslinger)               Turns: 1025, Time: 00:02:42

HP:   -3/32 (33)    AC:  2    Str: 15    XL:     4   Next: 58%
MP:   6/6           EV: 12    Int: 14    God:
Gold: 61            SH:  4    Dex: 20    Spells: 2/6 levels left

rFire   . . .      SeeInvis +    h - +2 dagger (venom)
rCold   . . .      Faith    .    g - +0 buckler
rNeg    . . .      Spirit   .    c - +0 robe
rPois   .          Reflect  .    (helmet unavailable)
rElec   .          Harm     .    (no cloak)
rCorr   .          Rampage  .    (no gloves)
Will    .....                    (no boots)
Stlth   ++                       (no amulet)
HPRegen 0.25/turn                e - +6 ring of dexterity
MPRegen 0.10/turn                (no ring)

@: lightly drained
A: permanent stasis, dig shafts and tunnels, antennae 3, four strong arms
a: Dig, Shaft Self


You were on level 2 of the Dungeon.
You visited 1 branch of the dungeon, and saw 2 of its levels.

You collected 61 gold pieces.

Inventory:

Hand Weapons
 a - a +1 sling
 h - a +2 dagger of venom (weapon)
Armour
 c - a +0 robe (worn)
 g - a +0 buckler (worn)
 p - an orb of mayhem
Jewellery
 e - a +6 ring of dexterity (left hand)
 j - a ring of willpower
Scrolls
 b - a scroll of poison
 i - a scroll of fear {unknown}
 k - a scroll of torment {unknown}
Potions
 d - a potion of brilliance {unknown}
 f - a potion of invisibility {unknown}
 l - 2 potions of curing {unknown}
 m - a potion of attraction {unknown}
 n - a potion of lignification {unknown}
 o - a potion of flight {unknown}


   Skills:
 + Level 1.7 Fighting
 * Level 2.7 Ranged Weapons
 - Level 1.7 Dodging
 + Level 1.0 Shields
 + Level 1.5 Spellcasting
 * Level 4.4 Hexes
 * Level 1.4 Fire Magic


You had 2 spell levels left.
You knew the following spells:

 Your Spells              Type           Power      Damage    Failure   Level
a - Slow                  Hex            52%        N/A       5%          1
b - Inner Flame           Hex/Fire       9%         N/A       28%         3

Your spell library contained the following spells:

 Spells                   Type           Power      Damage    Failure   Level
 Magic Dart               Conj           4%         1d3       32%         1
 Searing Ray              Conj           2%         2d4       43%         2
 Portal Projectile        Hex/Tloc       14%        N/A       36%         3
 Cause Fear               Hex            6%         N/A       45%         4
 Fulminant Prism          Conj/Hex       3%         3d5       77%         4


Dungeon Overview and Level Annotations

Branches:
Dungeon (2/15)

Altars:

Shops:
D:1 [

Annotations:
D:2 Robin


Innate Abilities, Weirdness & Mutations

You cannot be hasted, slowed, berserked, paralysed or teleported.
You can dig through walls and to a lower floor.
You have a pair of large antennae on your head. (SInv)
Your four strong arms can wield two-handed weapons with a shield.


Message History

You block the kobold's attack.
Robin roars a battlecry!
The goblins go into a battle-frenzy!
You hit the kobold.
You kill the kobold!
You hit the hobgoblin.
The hobgoblin is poisoned.
The hobgoblin is severely wounded.
The hobgoblin hits you.
You hit the hobgoblin.
You kill the hobgoblin!
Robin throws the goblin at you! The goblin barely misses you.
You hit the goblin.
You kill the goblin!
Robin throws the goblin at you! You block the goblin's attack.
You closely miss the goblin. You block the goblin's attack. x2
The goblin closely misses you.
You hit the goblin.
You kill the goblin!
The goblin closely misses you. The goblin barely misses you.
You closely miss Robin.
Robin is moderately wounded.
The goblin misses you. Robin throws the goblin at you!
The goblin hits you with a +0 club.
You completely miss Robin.
Robin is moderately wounded.
The goblin hits you with a +0 club. Robin closely misses you.
You block the goblin's attack. The goblin completely misses you.
You barely miss Robin.
Robin is moderately wounded.
The goblin closely misses you. Robin hits you with a +0 mace!
* * * LOW HITPOINT WARNING * * *
The goblin barely misses you. The goblin closely misses you.
You hit the goblin.
The goblin is poisoned.
The goblin is moderately wounded.
The goblin hits you with a +0 club.
* * * LOW HITPOINT WARNING * * *
Robin hits you with a +0 mace.
* * * LOW HITPOINT WARNING * * *
The goblin hits you with a +0 dagger of freezing.
You die...

# #. { #.
.####.#### ..
......... ... ..
#..gg##....#
...†#####@g....#
.......gg##..#...
#######.g#..##
#.....##....###
#...............
#......#...#####
##.#.#.#.#.....
#.......####### #
#.#.#....# #... .


You could see Robin and 5 goblins.

Vanquished Creatures
  Terence (D:2)
  2 adders (D:2)
  A dart slug (D:1)
  A giant cockroach (D:2)
  7 goblins
  5 hobgoblins
  A quokka (D:1)
  3 bats
  A frilled lizard (D:2)
  6 kobolds
  3 rats
31 creatures vanquished.

Notes
Turn   | Place    | Note
-------+----------+-------------------------------------------
     0 | D:1      | Bnni the Formicid Hexslinger began the quest for the Orb.
     0 | D:1      | Reached XP level 1. HP: 15/15 MP: 2/2
   237 | D:1      | Reached XP level 2. HP: 21/21 MP: 3/3
   561 | D:1      | Found Piysurr's Antique Armour Shoppe.
   747 | D:2      | Noticed Terence
   797 | D:2      | Reached skill level 4 in Hexes
   892 | D:2      | Reached skill level 1 in Fire Magic
   892 | D:2      | Reached XP level 3. HP: 26/26 MP: 5/5
   901 | D:2      | Learned a level 3 spell: Inner Flame
   950 | D:2      | Killed Terence
   951 | D:2      | Reached skill level 1 in Shields
   951 | D:2      | Reached XP level 4. HP: 21/32 MP: 6/6
  1008 | D:2      | Noticed Robin
  1025 | D:2      | HP: 1/32 [Robin/+0 mace (5)]
  1025 | D:2      | Slain by a goblin

Illustrated notes

Levels and vault maps discovered:
D:1:      ncdulo_lavacross, layout_loops_cross, serial_shops, shop
D:2:      layout_rooms, serial_glass, glass_columns_b, glass_columns_a,
          serial_shops, nicolae_shop_hallway_plus, uniq_terence, uniq_robin

Skill      XL: |  1  2  3 |
---------------+----------+-----
Hexes          | 4 |  4.4
Fire Magic     | 1 |  1.4
Shields        | 1 |  1.0
Fighting       | |  1.7
Ranged Weapons | |  2.7
Dodging        | |  1.7
Spellcasting   | |  1.5

Action                   |  1- 3 |  4- 6 || total
-------------------------+-------+-------++-------
Melee: Dagger            |    21 |    12 ||    33
 Fire: Sling             |    30 |    12 ||    42
 Cast: Slow              |     1 |       ||     1
 Abil: Dig               |       |     1 ||     1
 Stab: Sleeping          |     1 |       ||     1
Armor: Robe              |     4 |       ||     4
Dodge: Dodged            |    28 |    13 ||    41
Block: Buckler           |     1 |     7 ||     8

Table legend: (Time is in decaauts)
 A = Elapsed time spent in this place.
 B = Non-inter-level travel time spent in this place.
 C = Inter-level travel time spent in this place.
 D = Time resting spent in this place.
 E = Time spent auto-exploring this place.
 F = Levels seen in this place.
 G = Mean time per level.
                   A        B        C        D        E       F      G
               +--------+--------+--------+--------+--------+-----+--------+
         Total |   1036 |    976 |     60 |     43 |    690 |   2 |  518.0 |
       Dungeon |   1036 |    976 |     60 |     43 |    690 |   2 |  518.0 |
               +--------+--------+--------+--------+--------+-----+--------+

Top non-repeatable levels by time:
     D:1: 777 daAuts
     D:2: 259 daAuts
